 Dungeon Crawl Stone Soup version 0.14-a0-1876-g927fc3a (webtiles) character file.

198 Kae the Insei (level 4, 0/35 HPs)
             Began as a Draconian Transmuter on Jan 14, 2014.
             Slain by an orc
             ... wielding a +0,+0 orcish whip
              (2 damage)
             ... on Level 3 of the Dungeon.
             The game lasted 00:01:46 (1756 turns).

Kae the Insei (Draconian Transmuter)                Turns: 1756, Time: 00:01:47

HP   0/35        AC  5     Str 12      XL: 4   Next: 44%
MP   7/7         EV 12     Int 13      God:
Gold 100         SH  0     Dex 13      Spells:  1 memorised,  6 levels left

rFire  . . .     SeeInvis .       - Unarmed
rCold  . . .     Clarity  .     (armour unavailable)
rNeg   . . .     Conserve .     (no shield)
rPois  .         rCorr    .     (helmet restricted)
rElec  .         rRot     .     (no cloak)
SustAb . .       Spirit   .     (no gloves)
rMut   .         Warding  .     (no boots)
Saprov . . .     Stasis   .     (no amulet)
MR     .....                    (no ring)
                                (no ring)

@: not resistant to hostile enchantments, unstealthy
A: unfitting armour, AC +5
a: no special abilities


You were on level 3 of the Dungeon.
You were not hungry.

You visited 1 branch of the dungeon, and saw 3 of its levels.

You collected 100 gold pieces.

Inventory:

Missiles
 b - 12 arrows
Magical devices
 s - a wand of heal wounds (4)
Comestibles
 a - a bread ration
 o - 6 grapes
Scrolls
 f - 2 scrolls of teleportation {unknown}
 g - 2 scrolls of curse armour {unknown}
 i - 2 scrolls of remove curse {unknown}
 j - a scroll of identify {unknown}
 k - a scroll of recharging {unknown}
 q - a scroll of enchant armour {unknown}
 u - 2 scrolls of amnesia {unknown}
Jewellery
 m - a +3 ring of intelligence {unknown}
Potions
 c - a potion of lignification {unknown}
 e - a potion of resistance {unknown}
 h - a potion of curing {unknown}
 l - a potion of agility {unknown}
 n - a potion of heal wounds
 p - a potion of speed {unknown}
 t - a potion of poison
Books
 d - a book of Changes

   Spells                             Type                      Level
   *Beastly Appendage                 Transmutation                1
   Sticks to Snakes                   Transmutation                2
   Spider Form                        Transmutation/Poison         3
   Ice Form                           Ice/Transmutation            4
   Blade Hands                        Transmutation                5


   Skills:
 - Level 1.1 Fighting
 - Level 1.7 Dodging
 * Level 4.7 Unarmed Combat
 - Level 2.0 Spellcasting
 + Level 3.0 Transmutations


You had 6 spell levels left.
You knew the following spells:

 Your Spells              Type           Power        Failure   Level  Hunger
a - Beastly Appendage     Trmt           #.....       10%         1    ##.....


Dungeon Overview and Level Annotations

Branches:
Dungeon (3/16)

Altars:
Cheibriados
Fedhas
Kikubaaqudgha
Okawaru
Vehumet


Message History

You are too injured to fight recklessly!
You are too injured to fight recklessly!
You are too injured to fight recklessly!
You are too injured to fight recklessly!
You are too injured to fight recklessly!
You are too injured to fight recklessly!
You hit the orc but do no damage.
The orc is heavily wounded.
The orc misses you. The orc barely misses you. The orc closely misses you.
You closely miss the orc. Your headbutt misses the orc.
The orc is heavily wounded.
The orc hits you but does no damage. The orc hits you with an orcish whip.
* * * LOW HITPOINT WARNING * * *
You closely miss the orc. You tail-slap the orc.
You kill the orc!
Your horns disappear.
The orc hits you with an orcish hand axe.
* * * LOW HITPOINT WARNING * * *
The orc hits you with an orcish whip.
You die...

#########+##
#.....o....#
#....@o....#
#...)).....#
.....>.......#
.##.>......%.+
#..........#
##+#########


You could see 2 orcs.

Vanquished Creatures
  An orc priest (D:2)
  Jessica (D:2)
  2 giant geckos
  An ooze (D:1)
  2 orcs (D:3)
  A ball python (D:2)
  5 hobgoblins
  4 jackals (D:2)
  5 bats
  4 giant newts
  7 goblins
  10 kobolds
  7 rats
50 creatures vanquished.

Notes
Turn   | Place    | Note
--------------------------------------------------------------
     0 | D:1      | Kae, the Draconian Transmuter, began the quest for the Orb.
     0 | D:1      | Reached XP level 1. HP: 16/16 MP: 3/3
   275 | D:1      | Reached XP level 2. HP: 23/23 MP: 4/4
   767 | D:2      | Reached XP level 3. HP: 26/28 MP: 4/6
  1072 | D:2      | Reached skill level 4 in Unarmed Combat
  1274 | D:2      | Noticed Jessica
  1289 | D:2      | Killed Jessica
  1572 | D:2      | Found an iron altar of Okawaru.
  1577 | D:2      | Found a blossoming altar of Fedhas.
  1580 | D:2      | Found a snail-covered altar of Cheibriados.
  1587 | D:2      | Found an ancient bone altar of Kikubaaqudgha.
  1587 | D:2      | Found a radiant altar of Vehumet.
  1717 | D:2      | Reached XP level 4. HP: 7/35 MP: 5/7
  1756 | D:3      | Slain by an orc

Action                   |  1- 3 |  4- 6 || total
-------------------------+-------+-------++-------
Melee: Unarmed           |   181 |     7 ||   188
 Cast: Beastly Appendage |     5 |     1 ||     6
Evoke: Wand              |     1 |       ||     1
  Use: Potion            |       |     2 ||     2
